 Dungeon Crawl Stone Soup version 0.23.2-40-g277498a001 (webtiles) character file.

Game seed: 7642986621089352406

2096 Atelerd the Destroyer (level 9, -2/58 HPs)
             Began as an Octopode Wizard on Oct 20, 2019.
             Was an Initiate of Sif Muna.
             Slain by an orc warrior
             ... wielding a +0 hand axe
              (9 damage)
             ... on level 7 of the Dungeon.
             The game lasted 00:16:48 (6910 turns).

Atelerd the Destroyer (Octopode Wizard)             Turns: 6910, Time: 00:16:49

Health: -2/58      AC:  1    Str:  6    XL:     9   Next: 27%
Magic:  12/18      EV: 14    Int: 24    God:    Sif Muna [......]
Gold:   249        SH:  0    Dex: 10    Spells: 11/20 levels left

rFire    . . .     SeeInvis .   m - +0 long sword (drain)
rCold    . . .     Gourm    .   (no shield)
rNeg     . . .     Faith    .   a - +0 hat
rPois    .         Spirit   .   x - amulet of rage
rElec    .         Reflect  .   (no ring)
rCorr    .         Harm     .   (no ring)
MR       .....                  (no ring)
Stlth    +++.......             (no ring)
HPRegen  0.19/turn              (no ring)
MPRegen  0.16/turn              (no ring)
                                (no ring)
                                (no ring)

@: no status effects
A: almost no armour, stealthy swim, amphibious, 8 rings, constrict 8, camouflage
1, gelatinous body 1
a: Renounce Religion, Evoke Berserk Rage


You were on level 7 of the Dungeon.
You worshipped Sif Muna.
Sif Muna was noncommittal.
You were hungry.

You visited 2 branches of the dungeon, and saw 8 of its levels.

You collected 249 gold pieces.

Inventory:

Hand Weapons
 b - a +0 dagger
 e - a +1 dagger of electrocution
 m - a +0 long sword of draining (weapon)
Missiles
 v - 96 stones (quivered)
Armour
 a - a +0 hat (worn)
Jewellery
 x - an amulet of rage (around mantle)
Wands
 l - a wand of paralysis (7)
 u - a wand of flame (9)
Scrolls
 d - 3 scrolls of teleportation
 g - 2 scrolls of random uselessness {unknown}
 j - 5 scrolls of remove curse {unknown}
 k - 2 scrolls of enchant armour
 n - a scroll of amnesia
 q - a scroll of enchant weapon
 r - 2 scrolls of immolation {unknown}
 s - a scroll of silence {unknown}
 t - a scroll of fear {unknown}
Potions
 f - a potion of flight
 h - 2 potions of heal wounds {unknown}
 i - 3 potions of curing
 o - a potion of agility
 p - a potion of resistance {unknown}
 w - a potion of berserk rage {unknown}
Comestibles
 c - 9 rations


   Skills:
 + Level 3.9 Fighting
 - Level 4.0 Dodging
 - Level 2.6 Stealth
 + Level 6.2 Spellcasting
 * Level 8.6 Conjurations
   Level 1.0 Summonings
 + Level 1.4 Translocations
 + Level 0.9 Invocations


You had 11 spell levels left.
You knew the following spells:

 Your Spells              Type           Power        Failure   Level  Hunger
a - Magic Dart            Conj           ####         1%          1    None
b - Mephitic Cloud        Conj/Pois/Air  ###.....     7%          3    #......
c - Blink                 Tloc           N/A          6%          2    None
d - Conjure Flame         Conj/Fire      ####....     4%          3    #......

Your spell library contained the following spells:

 Spells                   Type           Power        Failure   Level  Hunger
 Shock                    Conj/Air       ####         1%          1    None
 Static Discharge         Conj/Air       ####....     4%          3    #......
 Call Imp                 Summ           ##......     8%          2    None
 Slow                     Hex            #.......     12%         2    None
 Swiftness                Chrm/Air       #.......     12%         2    None
 Lightning Bolt           Conj/Air       ####......   36%         5    #####..
 Airstrike                Air            #.........   61%         4    ###....


Dungeon Overview and Level Annotations

Branches:
Dungeon (7/15)             Temple (1/1) D:6

Altars:
Dithmenos
Elyvilon
Fedhas
Okawaru
Sif Muna

Annotations:
D:6 exclusion: downstairs


Innate Abilities, Weirdness & Mutations

You cannot wear most types of armour.
You are very stealthy in the water. (Stealth+)
You are amphibious.
You can wear up to eight rings at the same time.
You can use your tentacles to constrict eight enemies at once.
Your skin changes colour to match your surroundings (Stealth+).
Your rubbery body absorbs attacks. (AC +1, EV +1)


Message History

Casting: Magic Dart (safe; 1% risk of failure)
Confirm with . or Enter, or press ? or * to list all spells.
Okay, then.
Found a scroll of teleportation.
Casting: Magic Dart (safe; 1% risk of failure)
Confirm with . or Enter, or press ? or * to list all spells.
You blink.
The orc warrior hits you from afar with a cursed +0 halberd!
* * * LOW HITPOINT WARNING * * *
You feel better. The orc warrior closely misses you.
An orc comes into view.
Casting: Blink (safe; 6% risk of failure)
Confirm with . or Enter, or press ? or * to list all spells.
You blink.
The orc warrior barely misses you.
Unknown command.
Casting: Blink (safe; 6% risk of failure)
Confirm with . or Enter, or press ? or * to list all spells.
You blink.
The orc warrior hits you with a +0 hand axe!
You die...

#....# ##+####.# #))))#
#.# ######)...##### #.#
#.........o.§.#
#.........§...# #
#.........o.o.######'##
#.........ooo..........
#..)...................
#.............o@......?
#......................
#.............#########
#.............#
###############


You could see 2 orc warriors and 5 orcs.

Vanquished Creatures
  Grinder (D:6)
  Sigmund (D:3)
  2 orc warriors (D:6)
  A phantom (D:6)
  4 ogres
  2 centaurs (D:6)
  A big kobold (D:7)
  2 bullfrogs (D:6)
  A howler monkey (D:5)
  4 crimson imps
  2 hounds (D:5)
  3 jellies
  An orc priest (D:6)
  3 orc wizards
  Ijyb (D:4)
  4 worker ants
  A worker ant zombie (D:6)
  6 adders
  6 gnolls
  2 shadow imps (D:7)
  3 worms
  2 dart slugs (D:1)
  A leopard gecko (D:1)
  7 orcs
  6 giant cockroaches
  4 goblins
  5 hobgoblins
  2 jackals (D:2)
  7 kobolds
  A quokka (D:6)
  3 ball pythons
  4 bats
  7 frilled lizards
  6 rats
106 creatures vanquished.

Notes
Turn   | Place    | Note
-------+----------+-------------------------------------------
     0 | D:1      | Atelerd the Octopode Wizard began the quest for the Orb.
     0 | D:1      | Reached XP level 1. HP: 11/11 MP: 4/4
   174 | D:1      | Reached XP level 2. HP: 11/17 MP: 1/6
   347 | D:1      | Reached skill level 2 in Conjurations
  1016 | D:1      | Reached XP level 3. HP: 21/21 MP: 7/7
  1024 | D:1      | Learned a level 3 spell: Mephitic Cloud
  1027 | D:1      | Learned a level 2 spell: Blink
  2032 | D:3      | Reached skill level 3 in Conjurations
  2048 | D:3      | Noticed an ice beast
  2179 | D:4      | Reached XP level 4. HP: 27/27 MP: 1/9
  2342 | D:4      | Noticed Ijyb
  2352 | D:4      | Killed Ijyb
  2541 | D:4      | Reached XP level 5. HP: 22/31 MP: 1/10
  2627 | D:3      | Learned a level 3 spell: Conjure Flame
  2895 | D:3      | Noticed Sigmund
  2908 | D:3      | Killed Sigmund
  2908 | D:3      | Reached skill level 5 in Conjurations
  2908 | D:3      | Reached XP level 6. HP: 33/36 MP: 3/12
  3171 | D:5      | Entered Level 5 of the Dungeon
  3260 | D:5      | Reached XP level 7. HP: 8/41 MP: 1/14
  3580 | D:5      | Reached skill level 6 in Conjurations
  3793 | D:5      | Found an iron altar of Okawaru.
  3960 | D:6      | Reached skill level 1 in Fighting
  3960 | D:6      | Reached skill level 5 in Spellcasting
  4125 | D:6      | Noticed Grinder
  4137 | D:6      | Killed Grinder
  4137 | D:6      | Reached XP level 8. HP: 50/50 MP: 15/15
  4472 | D:6      | Reached skill level 7 in Conjurations
  5346 | D:6      | Found a staircase to the Ecumenical Temple.
  5773 | D:6      | Reached skill level 8 in Conjurations
  5969 | Temple   | Entered the Ecumenical Temple
  5983 | Temple   | Became a worshipper of Sif Muna the Loreminder
  6058 | D:6      | Reached XP level 9. HP: 48/57 MP: 14/18
  6907 | D:7      | HP: 1/58 [orc warrior/cursed +0 halberd (12)]
  6910 | D:7      | Slain by an orc warrior

Skill      XL: |  1  2  3  4  5  6  7  8 |
---------------+-------------------------+-----
Conjurations   | 2 3 5 6 8 |  8.6
Spellcasting   | 4 5 6 |  6.2
Fighting       | 1 3 |  3.9
Dodging        | 4 |  4.0
Stealth        | |  2.6
Summonings     | |  1.0
Translocations | |  1.4
Invocations    | |  0.9

Action                   |  1- 3 |  4- 6 |  7- 9 || total
-------------------------+-------+-------+-------++-------
Melee: Unarmed           |     8 |       |       ||     8
       Dagger            |    30 |     7 |       ||    37
       Tentacles         |     6 |     5 |     6 ||    17
       Constrict         |    11 |     9 |    20 ||    40
       Long sword        |       |    40 |    76 ||   116
 Cast: Magic Dart        |    41 |    16 |   105 ||   162
       Mephitic Cloud    |     2 |     6 |    17 ||    25
       Conjure Flame     |       |     1 |    20 ||    21
       Blink             |       |       |     3 ||     3
Evoke: Wand              |       |       |     3 ||     3
  Use: Scroll            |       |       |     6 ||     6
       Potion            |       |       |     2 ||     2
 Stab: Sleeping          |     2 |     4 |     1 ||     7
       Distracted        |       |     1 |       ||     1
       Paralysed         |       |       |     7 ||     7
       Confused          |       |       |     4 ||     4
  Eat: Chunk             |     3 |     4 |     9 ||    16
       Ration            |       |       |     1 ||     1
Armor: Skin              |     2 |     5 |     6 ||    13
Dodge: Dodged            |    24 |    19 |    71 ||   114
       Rpst.: Long sword |       |    10 |    17 ||    27
